AoeStats
← Grant B 1993

Black Forest

510531419Analyzed
3v3 RM · 15h ago on Oct 1, 2026· 77m 22s· 6 players
Game mode
Random Map
Map size
Normal (6 player)
Population
200
Speed
Normal
Resources
Standard
Victory
Conquest
Starting age
Dark Age
Ending age
Imperial Age
RankedLock teamsTeams togetherTeam positionsShared explorationLock speedFull tech treeHidden civsTurbo modeCheats
Victory
Defeat
🇪🇸 Ethiopians · Spain
830
+14
🇺🇸 Poles · United States
815
+15
🇨🇳 Saracens · China
756
+18
🇩🇪 Spanish · Germany
815
-17
🇫🇷 Byzantines · France
782
-15
🇳🇱 Khmer · Netherlands
772
-15
牛胜newsheng8
2:45 Loom
12:32 Feudal Age
14:03 Wheelbarrow
13:11 Horse Collar
13:19 Double-Bit Axe
13:27 Gold Mining
20:04 Castle Age
18:20 Stone Mining
20:51 Scale Barding Armor
23:14 Husbandry
26:23 Elite Skirmisher
31:15 Heavy Plow
35:30 Hand Cart
38:39 Imperial Age
37:00 Bow Saw
37:26 Greek Fire
38:08 Gold Shaft Mining
38:10 Scale Mail Armor
38:21 Forging
38:57 Stone Shaft Mining
39:48 Logistica
39:59 Conscription
40:29 Iron Casting
40:33 Crop Rotation
39:46 Cavalier
40:30 Squires
41:04 Ballistics
41:18 Pikeman
43:08 Two-Man Saw
49:08 Coinage
48:48 Guilds
48:45 Caravan
49:53 Fortified Wall
50:17 Halberdier
50:43 Arson
51:38 Elite Varangian Guard
52:37 Heavy Camel Rider
56:00 Chain Barding Armor
55:56 Chain Mail Armor
56:57 Chemistry
55:55 Murder Holes
58:38 Plate Mail Armor
62:35 Onager
64:26 Banking
70:29 Paladin
ninooo95mc
3:37 Loom
12:17 Feudal Age
12:42 Horse Collar
12:52 Double-Bit Axe
20:45 Castle Age
20:45 Stone Mining
20:46 Gold Mining
21:10 Forging
23:57 Heavy Plow
25:18 Bow Saw
25:48 Padded Archer Armor
25:55 Scale Barding Armor
32:16 Imperial Age
32:07 Wheelbarrow
31:20 Town Watch
32:05 Leather Archer Armor
32:27 Iron Casting
34:36 Ring Archer Armor
35:07 Blast Furnace
35:56 Chemistry
35:17 Ballistics
35:01 Cavalier
35:56 Elite Conquistador
36:59 Conscription
39:16 Chain Barding Armor
39:00 Scale Mail Armor
39:30 Masonry
39:43 Hand Cart
39:42 Pikeman
40:13 Halberdier
42:14 Chain Mail Armor
46:16 Fortified Wall
46:37 Architecture
49:01 Paladin
50:29 Plate Barding Armor
50:16 Husbandry
moose45
0:42 Loom
15:55 Feudal Age
16:25 Horse Collar
16:40 Double-Bit Axe
17:42 Gold Mining
20:37 Castle Age
18:29 Stone Mining
Grant B 1993
9:35 Feudal Age
9:56 Horse Collar
10:45 Double-Bit Axe
15:20 Loom
17:57 Castle Age
17:04 Gold Mining
17:04 Stone Mining
20:41 Heavy Plow
20:55 Bow Saw
25:07 Forging
25:02 Scale Barding Armor
25:51 Stone Shaft Mining
26:30 Wheelbarrow
25:43 Town Watch
28:27 Husbandry
28:38 Bloodlines
27:50 Light Cavalry
33:11 Imperial Age
31:00 Hand Cart
31:53 Szlachta Privileges
32:27 Iron Casting
32:13 Chain Barding Armor
34:35 Lechitic Legacy
34:36 Conscription
34:45 Conscription
34:02 Cavalier
37:39 Blast Furnace
37:56 Winged Hussar
48:23 Siege Engineers
49:25 Chemistry
48:46 Ballistics
66:38 Crop Rotation
RYOUSHI HAN
11:15 Feudal Age
12:52 Double-Bit Axe
14:46 Stone Mining
14:49 Gold Mining
14:51 Fletching
15:02 Padded Archer Armor
16:00 Padded Archer Armor
30:30 Castle Age
28:47 Horse Collar
30:18 Stone Mining
31:21 Bow Saw
31:13 Heavy Plow
32:03 Gold Shaft Mining
35:10 Crossbowman
35:57 Thumb Ring
37:38 Bodkin Arrow
37:58 Leather Archer Armor
41:58 Imperial Age
40:50 Caravan
42:13 Town Watch
43:44 Two-Man Saw
43:33 Fervor
43:49 Ballistics
44:29 Chemistry
43:39 Bracer
44:09 Ring Archer Armor
43:54 Forging
43:50 Scale Barding Armor
44:51 Town Patrol
46:11 Squires
45:57 Arson
46:55 Iron Casting
46:40 Chain Barding Armor
46:30 Devotion
46:38 Elite Skirmisher
48:24 Wheelbarrow
47:35 Loom
47:42 Loom
49:51 Conscription
48:55 Elite Mameluke
49:45 Counterweights
52:24 Blast Furnace
52:00 Plate Barding Armor
52:20 Hand Cart
59:42 Man-at-Arms
60:07 Gambesons
61:06 Long Swordsman
63:00 Masonry
62:42 Arrowslits
62:55 Murder Holes
63:04 Scale Mail Armor
64:12 Chain Mail Armor
64:49 Two-Handed Swordsman
65:52 Champion
72:11 Plate Mail Armor
74:16 Coinage
76:43 Banking
75:55 Arbalester
aitorpevi
0:26 Loom
14:17 Feudal Age
15:25 Double-Bit Axe
16:52 Wheelbarrow
19:41 Castle Age
17:29 Town Watch
17:48 Gold Mining
18:24 Horse Collar
25:31 Bow Saw
29:24 Hand Cart
33:53 Imperial Age
32:11 Fletching
32:21 Padded Archer Armor
32:34 Forging
32:25 Scale Mail Armor
32:19 Crossbowman
33:05 Thumb Ring
35:27 Gold Shaft Mining
35:58 Two-Man Saw
36:07 Siege Engineers
37:04 Chemistry
36:02 Murder Holes
36:42 Bodkin Arrow
Connection lost

Rejoining the realm…

Still unreachable

The connection could not be restored.

Session expired

The server has moved on; the page needs a fresh start.